 Dungeon Crawl Stone Soup version 0.30.0-5-g1a98f26d00 (webtiles) character file.

Game seed: 6308785900147880280

5301 BubbleThief the Fighter (level 10, -3/97 HPs)
             Began as a Hill Orc Fighter on May 10, 2023.
             Was an Elder of Okawaru.
             Slain by Erolcha
             ... wielding a +0 giant club
              (28 damage)
             ... on level 9 of the Dungeon.
             The game lasted 00:15:41 (6862 turns).

BubbleThief the Fighter (Hill Orc Fighter)          Turns: 6862, Time: 00:15:42

Health: -3/97      AC: 16    Str: 24    XL:     10   Next: 63%
Magic:  10/10      EV:  8    Int: 12    God:    Okawaru [****..]
Gold:   131        SH: 16    Dex: 13    Spells: 9/9 levels left

rFire   . . .        o - +10 short sword of Victory {freeze, Int+4 Dex+3 Stlth+}
rCold   . . .        k - +1 kite shield
rNeg    . . .        z - +0 chain mail
rPois   .            t - +0 helmet
rElec   .            r - +0 cloak
rCorr   .            C - +0 pair of gloves
SInv    .            (no boots)
Will    ++...        y - amulet of reflection Stlth
                     s - ring of willpower
HPRegen 0.36/turn    E - ring of willpower
MPRegen 0.12/turn

%: reflection
@: about to teleport
A: no striking features
a: Renounce Religion, Heroism, Finesse


You were on level 9 of the Dungeon.
You worshipped Okawaru.
Okawaru was greatly pleased with you.
You visited 2 branches of the dungeon, and saw 10 of its levels.

You collected 1217 gold pieces.
You spent 1086 gold pieces at shops.

Inventory:

Hand Weapons
 a - a +1 war axe
 o - the +10 short sword of Victory (weapon) {freeze, Int+4 Dex+3 Stlth+}
   (You found it on level 2 of the Dungeon)

   Int:       It affects your intelligence (+4).
   Dex:       It affects your dexterity (+3).
   Stlth:     It makes you more stealthy.
Missiles
 g - 2 throwing nets
 x - 2 datura-tipped darts (quivered)
Armour
 k - a +1 kite shield (worn)
 r - a +0 cloak (worn)
 t - a +0 helmet (worn)
 z - a +0 chain mail (worn)
 C - a +0 pair of gloves (worn)
Jewellery
 l - a +6 ring of dexterity
 n - the ring of Hiloogeo {rElec rPois rN++ AC+4 Int-2}
   (You bought it in a shop on level 6 of the Dungeon)

   [ring of protection]

   AC:        It affects your AC (+4).
   Int:       It affects your intelligence (-2).
   rElec:     It insulates you from electricity.
   rPois:     It protects you from poison.
   rN:        It greatly protects you from negative energy.
 s - a ring of willpower (left hand)
 y - an amulet of reflection (around neck)
 A - a +6 ring of strength
 E - a ring of willpower (right hand)
Wands
 b - a wand of mindburst (17)
Scrolls
 c - a scroll of magic mapping {unknown}
 e - 3 scrolls of fog
 h - 4 scrolls of teleportation
 i - 4 scrolls of identify
 j - a scroll of amnesia
 q - a scroll of fear
 B - a scroll of enchant weapon
 D - a scroll of blinking {unknown}
Potions
 d - 3 potions of might
 f - 4 potions of brilliance
 m - 3 potions of curing
 p - 3 potions of mutation
 u - a potion of magic
 v - 2 potions of heal wounds
 w - a potion of cancellation


   Skills:
 + Level 12.2 Fighting
 - Level 4.6 Axes
 + Level 11.1 Armour
 + Level 7.8 Shields


You had 9 spell levels left.
You didn't know any spells.
Your spell library contained the following spells:

 Spells                   Type           Power      Damage    Failure   Level
 Freeze                   Ice            0%         1d3       95%         1
 Necrotise                Necr           0%         1d4       95%         1
 Sandblast                Erth           0%         2d4       95%         1
 Passwall                 Tmut/Erth      0%         N/A       98%         2
 Poisonous Vapours        Pois/Air       0%         N/A       98%         2
 Dazzling Flash           Conj/Hex       0%         N/A       100%        3
 Frozen Ramparts          Ice            0%         1d1       100%        3
 Hailstorm                Conj/Ice       0%         3d3       100%        3
 Mephitic Cloud           Conj/Pois/Air  0%         N/A       100%        3
 Stone Arrow              Conj/Erth      0%         3d7       100%        3
 Vampiric Draining        Necr           0%         2d6       100%        3
 Agony                    Necr           0%         N/A       100%        5
 Freezing Cloud           Conj/Ice/Air   0%         6-21      100%        5
 Iskenderun's Battlesphe  Conj           0%         2d6       100%        5
 Silence                  Hex/Air        0%         N/A       100%        5
 Iron Shot                Conj/Erth      0%         9d1       100%        6
 Spellforged Servitor     Conj/Summ      Unusable   N/A       N/A         7

Dungeon Overview and Level Annotations

Branches:
Dungeon (9/15)             Temple (1/1) D:5
   Lair: D:8-11         Orc: D:9-12

Altars:
Ashenzari
Cheibriados
Dithmenos
Elyvilon
Fedhas
Gozag
Hepliaklqana
Kikubaaqudgha
Nemelex Xobeh
Okawaru
Qazlal
Trog
Uskayaw
Vehumet
Wu Jian
Xom
Yredelemnul
Zin
The Shining One

Shops:
D:6 =

Annotations:
D:5 1 runed translucent door
D:8 3 runed translucent doors, benadryl's ghost, journeyman DrEE
D:9 Erolcha


Message History

s - a ring of willpower (left hand) You're wearing all the rings you can.
Remove which one? (? for menu, Esc to cancel) < or
s - a ring of willpower > or
n - the ring of Hiloogeo {rElec rPois rN++ AC+4 Int-2} You remove the ring of Hiloogeo {rElec rPois rN++ AC+4 Int-2}.
E - a ring of willpower (right hand)
You start waiting.
Erolcha is nearby!
Erolcha screams, "DIE!"
Press: ? - help, v - describe, . - travel
Here: Erolcha, wielding a +0 giant club and wearing a +0 robe The floor.
You hit Erolcha. You freeze Erolcha.
Erolcha is lightly wounded.
Erolcha mumbles some strange words.
Erolcha flickers and vanishes!
Deactivating autopickup; reactivate with Ctrl-A.
You hit something. You freeze something. You block something's attack.
Okay, then.
Okay, then.
You fail to use your ability.
Something hits you but does no damage.
You hit something. You freeze something. You closely miss something.
Something hits you!!
You barely miss something. You block something's attack.
You hit something. You freeze something. You block something's attack.
You hit something. You freeze something. You hit something.
You freeze something. Something hits you!!
You closely miss something. Something hits you!!
Press: ? - help, v - describe, . - travel The floor, spattered with blood.
Okay, then.
Okay, then.
As you read the scroll of teleportation, it crumbles to dust.
You feel strangely unstable.
You hit something. You freeze something. Something hits you.
You barely miss something. Something hits you!
* * * LOW HITPOINT WARNING * * *
You hit something. You freeze something. Something hits you!!
You die...

#......# +........
#......# #........
#......# #........
#......#####........
#####..............(####
....................#
###+#..............#
#..............+
#.@######......#
#.{'....#........
#..#....#.........
#..#....#......... #..#
...# #..# ..... #...
.... #... ....


There were no monsters in sight!

Vanquished Creatures
  Erica (D:8)
  A cyclops (D:7)
  Maurice (D:8)
  A hornet (D:5)
  Sigmund (D:2)
  A wyvern (D:8)
  Grum (D:8)
  A steam dragon (D:8)
  A water moccasin (D:5)
  A sky beast (D:8)
  A black bear (D:7)
  4 wolves (D:8)
  3 centaurs
  An ogre (D:5)
  A kobold brigand (D:7)
  3 bullfrogs
  13 scorpions
  2 gnoll sergeants (D:8)
  4 wights (D:6)
  2 killer bees (D:5)
  3 howler monkeys
  4 jellies
  An orc priest (D:7)
  A hound (D:5)
  2 iguanas
  5 orc wizards
  12 adders
  15 gnolls
  A shadow imp (D:8)
  An ufetubus (D:6)
  2 dart slugs
  26 orcs
  3 endoplasms
  5 giant cockroaches
  5 goblins
  8 hobgoblins
  5 jackals
  2 quokkas
  6 ball pythons
  3 bats
  A frilled lizard (D:2)
  12 kobolds
  8 rats
175 creatures vanquished.

Notes
Turn   | Place    | Note
-------+----------+-------------------------------------------
     0 | D:1      | BubbleThief the Hill Orc Fighter began the quest for the
                  | Orb.
     0 | D:1      | Reached XP level 1. HP: 19/19 MP: 1/1
   417 | D:1      | Reached XP level 2. HP: 27/27 MP: 2/2
   959 | D:2      | Reached skill level 4 in Fighting
  1050 | D:2      | Reached XP level 3. HP: 33/33 MP: 3/3
  1108 | D:2      | Noticed Sigmund
  1208 | D:2      | Identified the +10 short sword of Victory {freeze, Int+4
                  | Dex+3 Stlth+}
  1223 | D:2      | Reached XP level 4. HP: 41/41 MP: 4/4
  1779 | D:3      | Reached XP level 5. HP: 47/47 MP: 5/5
  1955 | D:4      | Reached skill level 5 in Fighting
  2048 | D:4      | Reached XP level 6. HP: 56/56 MP: 6/6
  2227 | D:4      | Identified the +1 robe of Incorporation {rN++ Will++ Int-5}
  2491 | D:4      | Found a glowing silver altar of Zin.
  3006 | D:2      | Found a bloodstained altar of Trog.
  3011 | D:2      | Killed Sigmund
  3012 | D:2      | Reached skill level 6 in Fighting
  3012 | D:2      | Reached skill level 5 in Armour
  3012 | D:2      | Reached skill level 5 in Shields
  3012 | D:2      | Reached XP level 7. HP: 58/63 MP: 7/7
  3290 | D:5      | Entered Level 5 of the Dungeon
  3432 | D:5      | Found a staircase to the Ecumenical Temple.
  3461 | Temple   | Entered the Ecumenical Temple
  3485 | Temple   | Became a worshipper of Warmaster Okawaru
  3547 | D:5      | Noticed a hornet
  3553 | D:5      | Killed a hornet
  3554 | D:5      | Reached skill level 7 in Fighting
  3554 | D:5      | Reached XP level 8. HP: 72/73 MP: 8/8
  3700 | D:5      | Found a basalt altar of Yredelemnul.
  3801 | D:5      | Identified the +3 short sword of the Feather {protect, rF++
                  | Will- Dex+8 SInv}
  3808 | D:5      | Reached * piety under Okawaru
  3898 | D:5      | Found a bloodstained altar of Trog.
  3898 | D:5      | Found a blossoming altar of Fedhas.
  3898 | D:5      | Found a hazy altar of Hepliaklqana.
  4070 | D:5      | Found a runed translucent door.
  4085 | D:5      | Found a runed translucent door.
  4101 | D:5      | Reached skill level 8 in Fighting
  4136 | D:5      | Reached skill level 9 in Fighting
  4161 | D:5      | Reached ** piety under Okawaru
  4162 | D:5      | Reached XP level 9. HP: 81/83 MP: 9/9
  4200 | D:5      | Identified a scroll of acquirement
  4200 | D:5      | Acquired 761 gold pieces
  4417 | D:6      | Found an ornate altar of the Wu Jian Council.
  4763 | D:6      | Found a white marble altar of Elyvilon.
  4791 | D:6      | Found Ojyriniq's Jewellery Boutique.
  4798 | D:6      | Bought the ring of Hiloogeo {rElec rPois rN++ AC+4 Int-2}
                  | for 726 gold pieces
  5068 | D:7      | Identified the +3 ring mail of Infinity {Harm Stlth+}
  5098 | D:7      | Reached skill level 10 in Fighting
  5331 | D:7      | Noticed a cyclops
  5346 | D:7      | Killed a cyclops
  5385 | D:7      | Reached *** piety under Okawaru
  5393 | D:7      | Reached skill level 11 in Fighting
  5506 | D:7      | Found a shimmering altar of Xom.
  5507 | D:7      | Found a shimmering altar of Xom.
  5507 | D:7      | Found a shimmering altar of Xom.
  5508 | D:7      | Found a shimmering altar of Xom.
  5508 | D:7      | Found a shimmering altar of Xom.
  5516 | D:7      | Found a shimmering altar of Xom.
  5522 | D:7      | Found a shimmering altar of Xom.
  5652 | D:7      | Found an ancient bone altar of Kikubaaqudgha.
  5847 | D:6      | Bought an amulet of reflection for 360 gold pieces
  5904 | D:8      | Reached skill level 10 in Armour
  5995 | D:8      | Found a runed translucent gate.
  5995 | D:8      | Found a runed translucent gate.
  5995 | D:8      | Noticed a skeletal warrior
  6009 | D:8      | Found a runed translucent gate.
  6009 | D:8      | Noticed benadryl's ghost (journeyman DrEE)
  6047 | D:8      | Reached XP level 10. HP: 75/96 MP: 10/10
  6098 | D:8      | Noticed Maurice
  6137 | D:8      | Killed Maurice
  6137 | D:8      | Reached **** piety under Okawaru
  6216 | D:8      | Noticed Grum
  6235 | D:8      | Killed Grum
  6262 | D:8      | Reached skill level 12 in Fighting
  6384 | D:8      | You fall into a shaft and drop 1 floor!
  6636 | D:8      | Found a broken altar of Ashenzari.
  6656 | D:8      | Noticed Erica
  6675 | D:8      | Killed Erica
  6839 | D:9      | Noticed Erolcha
  6862 | D:9      | Slain by Erolcha

Illustrated notes

Levels and vault maps discovered:
D:1:      dpeg_arrival_connections, layout_basic
D:2:      layout_loops_ring, basic_altar, serial_rivers,
          chequers_serial_rivers_room_a, chequers_serial_rivers_small_b,
          chequers_serial_rivers_micro_a, chequers_serial_rivers_large_a,
          uniq_sigmund
D:3:      layout_basic
D:4:      layout_loops_ring, mainiacjoe_overflow_boulevard,
          hangedman_decor_diamond_cutter
D:5:      lemuel_insect_pit, layout_basic, old_standard_altar,
          grunt_temple_overflow_open, minmay_temple_entry_antechambers,
          amcnicky_mini_corridor_feature
D:6:      layout_loops_ring, pdpol_wu_jian_five_deadly_venoms,
          mainiacjoe_overflow_catwalk, serial_shops,
          nicolae_shop_tiny_statue_garden
D:7:      layout_rooms, xom_shifter_show, general_overflow_altar,
          grunt_ministairs_13
D:8:      layout_loops_ring, mainiacjoe_overflow_six_doors_small,
          gammafunk_ghost_split, uniq_grum, uniq_maurice, uniq_erica
D:9:      layout_irregular_city, lightli_church_of_beogh, uniq_maggie,
          uniq_erolcha
Temple:   chequers_temple_sunken

Skill      XL: |  1  2  3  4  5  6  7  8  9 10 |
---------------+-------------------------------+-----
Axes           | 3 4 |  4.6
Fighting       | 4 5 6 7 9 11 12 | 12.2
Armour         | 4 5 6 8 10 11 | 11.1
Shields        | 4 5 6 7 |  7.8

Action                     |  1- 3 |  4- 6 |  7- 9 | 10-12 || total
---------------------------+-------+-------+-------+-------++-------
  Melee: War axe           |    76 |       |       |       ||    76
         Short sword       |     3 |   106 |   243 |   106 ||   458
  Throw: Dart              |     3 |       |       |       ||     3
 Invoke: Heroism           |       |       |     1 |       ||     1
  Evoke: Wand              |       |       |     1 |       ||     1
    Use: Scroll            |       |       |    16 |     2 ||    18
   Stab: Sleeping          |       |     3 |       |       ||     3
         Held in net/web   |       |       |     1 |       ||     1
 Armour: Scale mail        |    40 |    31 |     3 |       ||    74
         Chain mail        |       |       |    91 |    41 ||   132
  Dodge: Dodged            |    45 |    32 |    72 |     7 ||   156
  Block: Buckler           |    22 |    26 |    89 |       ||   137
         Kite shield       |       |       |     4 |    66 ||    70
         Reflection        |       |       |     2 |     1 ||     3
